 Dungeon Crawl Stone Soup version 0.13-a0-2202-g857913d (webtiles) character file.

2484 Kae the Conjurer (level 9, -7/45 HPs)
             Began as a Tengu Fire Elementalist on July 2, 2013.
             Was a Believer of Vehumet.
             Mangled by an ice beast (9 damage)
             ... on Level 7 of the Dungeon.
             The game lasted 00:22:36 (10406 turns).

Kae the Conjurer (Tengu Fire Elementalist)         Turns: 10406, Time: 00:22:37

HP  -7/45        AC  3     Str  9      XL: 9   Next: 32%
MP  22/30        EV 12     Int 18      God: Vehumet [**....]
Gold 315         SH  0     Dex 15      Spells:  5 memorised,  5 levels left

Res.Fire  : . . .   See Invis. : .   H - staff of poison
Res.Cold  : . . .   Warding    : .   a - +0 robe
Life Prot.: . . .   Conserve   : .   (no shield)
Res.Poison: +       Res.Corr.  : .   (helmet restricted)
Res.Elec. : .       Clarity    : .   (no cloak)
Sust.Abil.: . .     Spirit.Shd : .   e - +0 pair of gloves
Res.Mut.  : +       Stasis     : .   (boots unavailable)
Res.Rott. : .       Flight     : .   v - cursed amulet of resist mutation
Saprovore : . . .                    (no ring)
                                     o - ring of magical power

@: slightly resistant to hostile enchantments, fairly stealthy
A: able to fly, beak, talons 3
a: Fly, Renounce Religion


You were on level 7 of the Dungeon.
You worshipped Vehumet.
Vehumet was most pleased with you.
You were not hungry.

You visited 2 branches of the dungeon, and saw 8 of its levels.

You collected 295 gold pieces.

Inventory:

Armour
 a - a +0 robe (worn)
 e - a +0 pair of gloves (worn)
Magical devices
 q - a wand of polymorph (17)
Comestibles
 c - 3 bread rations
 j - 2 pears
 B - an orange
 D - an apple
 K - a meat ration
Scrolls
 g - a scroll of enchant armour
 i - 7 scrolls of remove curse
 l - 4 scrolls of teleportation
 s - a scroll of magic mapping
 u - 3 scrolls of identify
 x - a scroll of amnesia
 y - a scroll of enchant weapon II
 z - a scroll of recharging
 A - a scroll of fog
Jewellery
 o - a ring of magical power (left hand)
 v - a cursed amulet of resist mutation (around neck)
Potions
 d - 2 potions of resistance
 f - 3 potions of restore abilities
 h - 4 potions of curing
 k - a potion of speed {unknown}
 m - a potion of invisibility
 p - a potion of cure mutation {unknown}
 r - 2 potions of agility
 t - a potion of might
Books
 b - a book of Flames

   Spells                             Type                      Level
   *Flame Tongue                      Conjuration/Fire             1
   *Throw Flame                       Conjuration/Fire             2
   *Conjure Flame                     Conjuration/Fire             3
   Inner Flame                        Hexes/Fire                   3
   *Sticky Flame                      Conjuration/Fire             4
   Fireball                           Conjuration/Fire             5
 G - a book of Ice

   Spells                             Type                      Level
   Freezing Aura                      Charms/Ice                   2
   Ensorcelled Hibernation            Hexes/Ice                    2
   Ozocubu's Refrigeration            Ice                          6
   Bolt of Cold                       Conjuration/Ice              6
   Freezing Cloud                     Conjuration/Ice/Air          6
   Metabolic Englaciation             Hexes/Ice                    6
   Simulacrum                         Ice/Necromancy               6
Magical staves
 H - an uncursed staff of poison (weapon)


   Skills:
 + Level 3.8 Staves
 + Level 2.1 Dodging
 - Level 2.0 Stealth
 + Level 4.1 Spellcasting
 * Level 8.8 Conjurations
 * Level 8.3 Fire Magic
 + Level 0.0 Evocations


You had 5 spell levels left.
You knew the following spells:

 Your Spells              Type           Power        Failure   Level  Hunger
a - Flame Tongue          Conj/Fire      ####.        1%          1    None
b - Throw Flame           Conj/Fire      ####..       1%          2    #......
c - Conjure Flame         Conj/Fire      ####....     1%          3    ###....
d - Sticky Flame          Conj/Fire      ####....     4%          4    ####...
e - Sting                 Conj/Pois      ####         2%          1    None


Dungeon Overview and Level Annotations

Branches:
Dungeon (7/27)             Temple (1/1) D:4
    Orc: D:6-11

Altars:
Ashenzari
Vehumet
Yredelemnul
Zin

Annotations
D:3 Kae's ghost, average TeFE
D:4 exclusions: orc and 3 more exclusions


Innate Abilities, Weirdness & Mutations

You can fly.
You have a beak for a mouth.
You have claws for feet.


Message History

Casting: Flame Tongue
Confirm with . or Enter, or press ? or * to list all spells.
Aiming: Flame Tongue
Press: ? - help, Shift-Dir - straight line, f/p - ice beast
Aim: an ice beast (almost dead)
The flame hits the ice beast.
The ice beast appears unharmed.
The ice beast is almost dead.
The ice beast hits you.
* * * LOW HITPOINT WARNING * * *
The ice beast freezes you!
* * * LOW HITPOINT WARNING * * *
Casting: Flame Tongue
Confirm with . or Enter, or press ? or * to list all spells.
Aiming: Flame Tongue
Press: ? - help, Shift-Dir - straight line, f/p - ice beast
Aim: an ice beast (almost dead)
The flame misses the ice beast.
The ice beast hits you.
* * * LOW HITPOINT WARNING * * *
The ice beast freezes you!
You die...

.........# .
............## .
I..........%...
...............###
................).
...............####
...................
..........(....###########
...........(<..I@........#
...............#######.###
...............#
....%..........#
...............#
..)............#
...............#
...............#
...............#


You could see an ice beast.

Vanquished Creatures
  Pikel (D:7)
  Eustachio (D:6)
  Edmund (D:5)
  A centaur (D:5)
  2 ogres
  A slave (D:7)
  A gnoll sergeant (D:6)
  Blork the orc (D:5)
  2 killer bees
  An orc priest (D:7)
  3 gnoll shamans (D:6)
  An iguana (D:7)
  A hound (D:6)
  3 worker ants
  2 orc wizards
  A scorpion (D:5)
  37 gnolls (D:6)
  11 adders
  A giant centipede zombie (D:6)
  2 shadow imps
  2 giant mites
  An iguana skeleton (D:6)
  5 worms
  3 giant geckos
  2 oozes
  17 orcs
  A ball python (D:2)
  20 bats
  3 giant cockroaches
  13 goblins
  2 grey rats (D:6)
  16 hobgoblins
  14 jackals (D:6)
  12 kobolds
  A quokka (D:5)
  3 giant newts
  An orc skeleton (D:4)
  10 rats
  A rat skeleton (D:7)
  A rat zombie (D:6)
202 creatures vanquished.

Vanquished Creatures (others)
  A hungry ghost (D:7)
  A giant cockroach (D:7)
2 creatures vanquished.

Grand Total: 204 creatures vanquished

Notes
Turn   | Place    | Note
--------------------------------------------------------------
     0 | D:1      | Kae, the Tengu Fire Elementalist, began the quest for the Orb.
     0 | D:1      | Reached XP level 1. HP: 10/10 MP: 3/3
     3 | D:1      | Noticed a giant goldfish
     3 | D:1      | Noticed a shark
   481 | D:1      | Reached XP level 2. HP: 12/15 MP: 3/5
   485 | D:1      | Learned a level 2 spell: Throw Flame
  1152 | D:1      | Reached XP level 3. HP: 15/19 MP: 6/6
  1931 | D:2      | Reached skill level 4 in Fire Magic
  1994 | D:2      | Reached XP level 4. HP: 22/24 MP: 5/8
  2083 | D:2      | Learned a level 3 spell: Conjure Flame
  2855 | D:3      | Noticed Kae's ghost (average TeFE)
  3138 | D:3      | Reached XP level 5. HP: 28/28 MP: 11/11
  4002 | D:4      | Noticed Eustachio
  4142 | D:4      | Reached skill level 5 in Fire Magic
  4270 | D:4      | Found a radiant altar of Vehumet.
  4295 | D:4      | Became a worshipper of Vehumet
  4350 | D:4      | Reached XP level 6. HP: 14/32 MP: 13/13
  4608 | D:4      | Found a staircase to the Ecumenical Temple.
  4631 | Temple   | Entered the Ecumenical Temple
  5400 | D:5      | Entered Level 5 of the Dungeon
  5453 | D:5      | Noticed Blork the orc
  5454 | D:5      | Found a glowing silver altar of Zin.
  5762 | D:5      | Reached skill level 5 in Conjurations
  5970 | D:5      | Noticed Edmund
  6010 | D:5      | Killed Edmund
  6122 | D:5      | Found a basalt altar of Yredelemnul.
  6319 | D:5      | Learned a level 4 spell: Sticky Flame
  6338 | D:5      | Reached skill level 1 in Staves
  6338 | D:5      | Reached skill level 6 in Fire Magic
  6338 | D:5      | Reached XP level 7. HP: 28/36 MP: 15/15
  6380 | D:5      | Killed Blork the orc
  6722 | D:6      | Acquired Vehumet's first power
  6722 | D:6      | Offered knowledge of Sting by Vehumet.
  6743 | D:6      | Learned a level 1 spell: Sting
  6804 | D:6      | Killed Eustachio
  6807 | D:6      | HP: 1/36 [crimson imp[Eustachio] (4)]
  7274 | D:6      | Reached XP level 8. HP: 13/41 MP: 18/18
  8121 | D:6      | Reached skill level 7 in Fire Magic
  8382 | D:6      | Offered knowledge of Magic Dart by Vehumet.
  9496 | D:7      | Noticed Pikel
  9510 | D:7      | Killed Pikel
  9510 | D:7      | Reached skill level 8 in Conjurations
  9510 | D:7      | Reached XP level 9. HP: 6/45 MP: 16/21
 10017 | D:7      | Offered knowledge of Static Discharge by Vehumet.
 10406 | D:7      | HP: 2/45 [ice beast (1)]
 10406 | D:7      | Mangled by an ice beast

Action                   |  1- 3 |  4- 6 |  7- 9 || total
-------------------------+-------+-------+-------++-------
Melee: Unarmed           |    46 |    14 |       ||    60
       Staff             |       |     1 |    45 ||    46
 Cast: Flame Tongue      |    62 |   166 |   237 ||   465
       Throw Flame       |     1 |     5 |    52 ||    58
       Conjure Flame     |       |     1 |     7 ||     8
       Sting             |       |       |    22 ||    22
       Sticky Flame      |       |       |     2 ||     2
 Abil: Fly               |       |     1 |       ||     1
Evoke: Wand              |       |     8 |     8 ||    16
  Use: Scroll            |     5 |    11 |     2 ||    18
       Potion            |       |     1 |     5 ||     6
 Stab: Sleeping          |     1 |     2 |       ||     3
       Confused          |       |       |     1 ||     1
